 Dungeon Crawl Stone Soup version 0.29.0-15-g675c0067aa (webtiles) character file.

Game seed: 756280148218173292

3605 qw the Cleaver (level 9, 0/81 HPs)
             Began as a Minotaur Berserker on Sept 12, 2022.
             Was an Elder of Trog.
             Slain by a skeletal warrior
             ... wielding a +0 glaive
              (24 damage)
             ... on level 8 of the Dungeon.
             The game lasted 00:02:04 (6979 turns).

qw the Cleaver (Minotaur Berserker)                 Turns: 6979, Time: 00:02:06

Health: 0/81       AC: 18    Str: 25    XL:     9   Next: 86%
Magic:  8/8        EV:  8    Int:  4    God:    Trog [****..]
Gold:   357        SH:  0    Dex: 17    Spells: 8/8 levels left

rFire   . . .      SeeInvis .   Y - +1 war axe
rCold   . . .      Faith    .   (no shield)
rNeg    . . .      Spirit   .   n - +0 plate armour
rPois   .          Reflect  .   (helmet restricted)
rElec   .          Harm     .   (no cloak)
rCorr   .          Rampage  .   l - +1 pair of gloves
Will    .....                   k - +2 pair of boots
Stlth   ..........              j - amulet of the acrobat
HPRegen 0.23/turn               b - +6 ring of dexterity
MPRegen 0.11/turn               (no ring)

@: on berserk cooldown, slowed, very slow
A: horns 2, retaliatory headbutt
a: Renounce Religion, Berserk, Trog's Hand, Brothers in Arms


You were on level 8 of the Dungeon.
You worshipped Trog.
Trog was greatly pleased with you.
You visited 1 branch of the dungeon, and saw 8 of its levels.

You collected 461 gold pieces.
You spent 104 gold pieces at shops.


Innate Abilities, Weirdness & Mutations

You have a pair of horns on your head.
You reflexively headbutt those who attack you in melee.


   Skills:
 - Level 8.0 Fighting
 + Level 13.7 Axes
 - Level 1.0 Throwing
 - Level 7.1 Armour
 - Level 3.2 Dodging


You had 8 spell levels left.
You didn't know any spells.
Your spell library was empty.

Inventory:

Hand Weapons
 e - a +1 morningstar of protection
 Y - a +1 war axe (weapon)
Missiles
 h - 5 boomerangs (quivered)
Armour
 i - a +0 buckler
 k - a +2 pair of boots (worn)
 l - a +1 pair of gloves (worn)
 n - a +0 plate armour (worn)
Jewellery
 b - a +6 ring of dexterity (left hand)
 f - an amulet of guardian spirit
 j - an amulet of the acrobat (around neck)
Scrolls
 c - 5 scrolls of identify
Potions
 a - 5 potions of curing
 d - 3 potions of might
 g - 2 potions of cancellation
 m - a potion of heal wounds

Dungeon Overview and Level Annotations

Branches:
Dungeon (8/15)             Temple (0/1) D:4            Lair (0/5) D:8

Altars:
Elyvilon
Nemelex Xobeh
Ru
Vehumet
Yredelemnul

Shops:
D:4 *


Message History

The bullfrog moves out of view.
You hit the wraith but do no damage. You headbutt the wraith.
The wraith is heavily damaged.
A centaur comes into view.
The wraith closely misses you. The wraith hits you but does no damage.
A manticore comes into view.
You closely miss the wraith.
You headbutt the wraith, but do no damage.
The wraith is heavily damaged.
The wraith barely misses you. You furiously retaliate!
You headbutt the wraith, but do no damage.
The skeletal warrior hits you from afar with a +0 glaive.
You closely miss the wraith. Your headbutt misses the wraith.
The wraith is heavily damaged.
The wraith hits you. The skeletal warrior barely misses you.
You slash the wraith! You headbutt the wraith.
You destroy the wraith!
Trog accepts your kill. Something hits you but does no damage.
The centaur wields a +0 shortbow.
The centaur shoots an arrow.
An orc comes into view. It is wielding a +0 hand axe.
The skeletal warrior barely misses you.
You hear a howl!
You hear a croak.
You miss something. Something hits you but does no damage.
The skeletal warrior hits you from afar with a +0 glaive!
Something hits you.
You hit something. Something hits you but does no damage.
The skeletal warrior hits you but does no damage.
A howler monkey comes into view.
The skeletal warrior hits you but does no damage.
You hit something but do no damage.
Something hits you but does no damage. x2
The skeletal warrior hits you from afar with a +0 glaive!
You barely miss something. Your headbutt misses something.
Something hits you. x2
A centaur comes into view.
An ice beast comes into view.
The skeletal warrior hits you from afar with a +0 glaive!!
You die...

....# #.# #.# #.# #.##.#
#.########### ### ######
#.# 7.7 7..77 7.7
..#77.77777..777.7
..%..7..).77..77.7
#.#77.7777.77..7.7777..7
#.# 7.7 77..).)%.......
).# ### #####7%7#####
### 7@7 7)7


Szn .c9cz c#####Y .# #. .. .. .. .. You could see a skeletal warrior, a centaur
warrior, a water moccasin, a gargoyle, an ice beast (wandering), a necrophage, 2
centaurs and a wight.

Vanquished Creatures
  A hornet (D:8)
  A wraith (D:8)
  3 water moccasins (D:7)
  An acid dragon (D:8)
  An orc warrior (D:5)
  2 black bears (D:6)
  4 ice beasts
  2 ogres
  A centaur (D:3)
  A kobold brigand (D:8)
  3 phantoms
  3 bullfrogs
  A gnoll sergeant (D:8)
  2 necrophages
  4 scorpions
  A water moccasin zombie (D:6)
  5 wights (D:7)
  A water moccasin skeleton (D:6)
  A howler monkey (D:8)
  A centaur zombie (D:6)
  2 bullfrog zombies (D:6)
  3 hounds
  5 orc priests
  A bullfrog skeleton (D:6)
  An iguana (D:4)
  An orc wizard (D:7)
  10 adders
  4 gnolls (D:3)
  A shadow imp (D:8)
  3 white imps (D:7)
  An ufetubus (D:5)
  2 worms (D:4)
  4 dart slugs
  15 orcs
  12 endoplasms
  A giant cockroach (D:2)
  12 goblins
  2 hobgoblins
  7 kobolds
  3 quokkas
  4 ball pythons
  2 frilled lizards (D:2)
  2 rats
137 creatures vanquished.

Vanquished Creatures (others)
  9 plants
9 creatures vanquished.

Grand Total: 146 creatures vanquished

Notes
Turn   | Place    | Note
-------+----------+-------------------------------------------
     0 | D:1      | qw the Minotaur Berserker began the quest for the Orb.
     0 | D:1      | Reached XP level 1. HP: 19/19 MP: 0/0
     0 | D:1      | 0 ||| qw: Version: 0.1-a-119-g272c26d
     0 | D:1      | 0 ||| qw: Game counter: 10849
     0 | D:1      | 0 ||| qw: Always use a shield: true
     0 | D:1      | 0 ||| qw: Do Orc after D:15 true
     0 | D:1      | 0 ||| qw: Do second Lair branch before Depths: true
     0 | D:1      | 0 ||| qw: Lair rune preference: random
     0 | D:1      | 0 ||| qw: Plans: Normal
     0 | D:1      | 0 ||| PLANNING D:1-11
   104 | D:1      | Reached skill level 4 in Axes
   358 | D:1      | 358 ||| Stepping ~*~*~tactically~*~*~ (stealth).
   360 | D:1      | Reached XP level 2. HP: 26/26 MP: 1/1
   393 | D:1      | You fall into a shaft and drop 1 floor!
   397 | D:2      | Identified the +1 scale mail "Doil" {rC+ Dex+3}
   547 | D:2      | 547 ||| UPGRADING to +0 scale mail.
   550 | D:2      | 550 ||| UPGRADING to +0 scale mail.
   560 | D:2      | 560 ||| DROPPING +0 animal skin.
   561 | D:2      | 561 ||| UPGRADING to +1 scale mail "Doil" {rC+ Dex+3}.
   571 | D:2      | 571 ||| DROPPING +0 scale mail.
   572 | D:2      | 572 ||| READING scroll labelled FEIS ETWOCUXEH.
   573 | D:2      | 573 ||| READING scroll labelled TEOKIS XOUMAPN.
   574 | D:2      | 574 ||| READING scroll labelled OLIHOW QAMAO.
   575 | D:2      | 575 ||| DRINKING 2 bubbling white potions.
   576 | D:2      | 576 ||| DRINKING 2 brown potions.
   696 | D:1      | Reached skill level 5 in Axes
   777 | D:1      | Found a faded altar of an unknown god.
   855 | D:1      | 855 ||| READING scroll labelled ULEIFE COICY.
   856 | D:1      | 856 ||| READING scroll labelled WEEQECK ZICA.
   919 | D:2      | Reached XP level 3. HP: 31/31 MP: 2/2
   933 | D:2      | Reached ** piety under Trog
  1090 | D:2      | 1090 ||| Stepping ~*~*~tactically~*~*~ (hiding).
  1204 | D:2      | 1204 ||| Stepping ~*~*~tactically~*~*~ (hiding).
  1840 | D:2      | 1840 ||| UPGRADING to +6 ring of dexterity.
  1841 | D:2      | 1841 ||| DRINKING 2 fizzy white potions.
  1919 | D:3      | 1919 ||| STAIRDANCE
  1998 | D:3      | 1998 ||| READING scroll of enchant weapon.
  1998 | D:3      | 1998 ||| ENCHANTING +1 hand axe.
  2010 | D:3      | Noticed a centaur
  2011 | D:3      | 2011 ||| Stepping ~*~*~tactically~*~*~ (stealth).
  2016 | D:3      | 2016 ||| Stepping ~*~*~tactically~*~*~ (hiding).
  2017 | D:3      | 2017 ||| Stepping ~*~*~tactically~*~*~ (hiding).
  2019 | D:3      | 2019 ||| Stepping ~*~*~tactically~*~*~ (hiding).
  2020 | D:3      | 2020 ||| Stepping ~*~*~tactically~*~*~ (hiding).
  2022 | D:3      | HP: 4/31 [centaur/arrow (11)]
  2023 | D:3      | 2023 ||| DRINKING potion of heal wounds.
  2026 | D:3      | Killed a centaur
  2027 | D:3      | Reached skill level 7 in Axes
  2027 | D:3      | Reached XP level 4. HP: 22/39 MP: 3/3
  2027 | D:3      | Reached XP level 5. HP: 26/45 MP: 4/4
  2208 | D:3      | Identified the +3 chain mail "Rorara" {+Blink Str-2 Stlth+}
  2226 | D:3      | 2226 ||| Stepping ~*~*~tactically~*~*~ (stealth).
  2280 | D:3      | 2280 ||| Stepping ~*~*~tactically~*~*~ (hiding).
  2281 | D:3      | 2281 ||| Stepping ~*~*~tactically~*~*~ (stealth).
  2283 | D:3      | 2283 ||| INVOKING Berserk.
  2777 | D:3      | 2777 ||| UPGRADING to +3 chain mail "Rorara" {+Blink Str-2
                  | Stlth+}.
  2787 | D:3      | 2787 ||| DROPPING +1 scale mail "Doil" {rC+ Dex+3}.
  2788 | D:3      | 2788 ||| UPGRADING to amulet of the acrobat.
  2793 | D:3      | 2793 ||| READING scroll labelled NAHIOM WYGIA.
  2940 | D:3      | 2940 ||| READING scroll labelled RUOLUA TAORI.
  3011 | D:4      | Reached XP level 6. HP: 40/52 MP: 5/5
  3101 | D:4      | Reached skill level 8 in Axes
  3142 | D:4      | Found Nojiotinn's General Store.
  3157 | D:4      | 3157 ||| BUYING potion of cancellation (104 gold).
  3157 | D:4      | Bought a potion of cancellation for 104 gold pieces
  3184 | D:4      | Reached skill level 9 in Axes
  3378 | D:4      | Found a staircase to the Ecumenical Temple.
  3387 | D:4      | Reached *** piety under Trog
  3436 | D:4      | Reached XP level 7. HP: 60/60 MP: 6/6
  3449 | D:4      | Found a sacrificial altar of Ru.
  3453 | D:4      | Found a radiant altar of Vehumet.
  3453 | D:4      | Found a sparkling altar of Nemelex Xobeh.
  3522 | D:4      | 3522 ||| READING 4 scrolls of identify.
  3522 | D:4      | 3522 ||| IDENTIFYING murky amethyst potion
  3523 | D:4      | 3523 ||| READING 3 scrolls of identify.
  3523 | D:4      | 3523 ||| IDENTIFYING inky potion
  3524 | D:4      | 3524 ||| DROPPING potion of degeneration.
  3525 | D:4      | 3525 ||| DROPPING potion of attraction.
  3542 | D:5      | Entered Level 5 of the Dungeon
  3559 | D:5      | 3559 ||| INVOKING Berserk.
  3563 | D:5      | Reached skill level 3 in Armour
  3743 | D:5      | Found a basalt altar of Yredelemnul.
  3805 | D:5      | 3805 ||| Stepping ~*~*~tactically~*~*~ (stealth).
  3810 | D:5      | 3810 ||| Stepping ~*~*~tactically~*~*~ (stealth).
  3888 | D:5      | 3888 ||| Stepping ~*~*~tactically~*~*~ (stealth).
  3892 | D:5      | 3892 ||| Stepping ~*~*~tactically~*~*~ (stealth).
  3893 | D:5      | 3893 ||| Stepping ~*~*~tactically~*~*~ (stealth).
  3894 | D:5      | 3894 ||| Stepping ~*~*~tactically~*~*~ (stealth).
  3895 | D:5      | 3895 ||| Stepping ~*~*~tactically~*~*~ (stealth).
  4021 | D:5      | 4021 ||| Stepping ~*~*~tactically~*~*~ (stealth).
  4023 | D:5      | 4023 ||| Stepping ~*~*~tactically~*~*~ (hiding).
  4025 | D:5      | 4025 ||| INVOKING Berserk.
  4031 | D:5      | Reached skill level 10 in Axes
  4033 | D:5      | Reached skill level 1 in Throwing
  4162 | D:5      | 4162 ||| SWAPPING to +0 war axe.
  4163 | D:5      | 4163 ||| DROPPING +2 hand axe.
  4349 | D:5      | 4349 ||| UPGRADING to +0 pair of boots.
  4354 | D:5      | 4354 ||| UPGRADING to +0 plate armour.
  4364 | D:5      | 4364 ||| DROPPING +3 chain mail "Rorara" {+Blink Str-2
                  | Stlth+}.
  4365 | D:5      | 4365 ||| READING 2 scrolls of enchant armour.
  4365 | D:5      | 4365 ||| ENCHANTING +0 pair of boots.
  4366 | D:5      | 4366 ||| READING scroll of enchant armour.
  4366 | D:5      | 4366 ||| ENCHANTING +1 pair of boots.
  4367 | D:5      | 4367 ||| READING scroll labelled MAOBUS TIOT.
  4387 | D:6      | 4387 ||| STAIRDANCE
  4452 | D:6      | 4452 ||| STAIRDANCE
  4534 | D:6      | Reached XP level 8. HP: 70/70 MP: 7/7
  4675 | D:6      | Reached skill level 6 in Fighting
  4688 | D:6      | 4688 ||| INVOKING Berserk.
  4813 | D:6      | 4813 ||| INVOKING Berserk.
  4989 | D:6      | 4989 ||| Stepping ~*~*~tactically~*~*~ (stealth).
  4997 | D:6      | Reached skill level 11 in Axes
  5063 | D:6      | Reached skill level 3 in Dodging
  5300 | D:6      | 5300 ||| READING scroll labelled USOCLABRING.
  5301 | D:6      | 5301 ||| READING 5 scrolls of identify.
  5301 | D:6      | 5301 ||| IDENTIFYING murky dark potion
  5302 | D:6      | 5302 ||| READING 4 scrolls of identify.
  5302 | D:6      | 5302 ||| IDENTIFYING cyan potion
  5303 | D:6      | 5303 ||| DROPPING potion of magic.
  5304 | D:6      | 5304 ||| DROPPING potion of brilliance.
  5339 | D:7      | Found a white marble altar of Elyvilon.
  5366 | D:7      | 5366 ||| Stepping ~*~*~tactically~*~*~ (hiding).
  5500 | D:7      | 5500 ||| Stepping ~*~*~tactically~*~*~ (stealth).
  5505 | D:7      | Reached skill level 12 in Axes
  5672 | D:7      | Reached XP level 9. HP: 69/78 MP: 8/8
  5759 | D:7      | 5759 ||| Stepping ~*~*~tactically~*~*~ (hiding).
  5761 | D:7      | 5761 ||| INVOKING Berserk.
  5773 | D:7      | Reached skill level 6 in Armour
  5908 | D:7      | 5908 ||| READING scroll of enchant weapon.
  5908 | D:7      | 5908 ||| ENCHANTING +0 war axe.
  6012 | D:7      | 6012 ||| Stepping ~*~*~tactically~*~*~ (hiding).
  6013 | D:7      | 6013 ||| Stepping ~*~*~tactically~*~*~ (hiding).
  6021 | D:7      | 6021 ||| INVOKING Berserk.
  6342 | D:7      | 6342 ||| DROPPING +0 flail.
  6565 | D:7      | Reached skill level 13 in Axes
  6712 | D:7      | 6712 ||| UPGRADING to +1 pair of gloves.
  6717 | D:7      | 6717 ||| DROPPING amulet of faith.
  6718 | D:7      | 6718 ||| READING scroll labelled BAEW BEUTARGH.
  6764 | D:8      | 6764 ||| Stepping ~*~*~tactically~*~*~ (hiding).
  6770 | D:8      | 6770 ||| INVOKING Berserk.
  6898 | D:8      | Found a staircase to the Lair.
  6908 | D:8      | Reached **** piety under Trog
  6930 | D:8      | 6930 ||| DROPPING +0 morningstar.
  6953 | D:8      | 6953 ||| Stepping ~*~*~tactically~*~*~ (hiding).
  6955 | D:8      | 6955 ||| INVOKING Berserk.
  6967 | D:8      | Noticed a centaur warrior
  6967 | D:8      | Noticed a gargoyle
  6967 | D:8      | Noticed a skeletal warrior
  6973 | D:8      | Noticed a manticore
  6979 | D:8      | Slain by a skeletal warrior

Levels and vault maps discovered:
D:1:      psy_arrival_dodecagon, layout_rooms,
          shapermc_ecumenical_altar_pompeii, hex_intersection
D:2:      wad_lake_hut, layout_basic
D:3:      layout_loops_cross, eino_tiny_chamber
D:4:      layout_rooms, minitemple, minmay_temple_entry_arrows, serial_shops,
          nicolae_shop_trees
D:5:      layout_loops_ring, yredelemnul_altar_generic, hangedman_decor_riveting
D:6:      layout_basic, serial_undead, serial_undead_c, serial_undead_c,
          serial_undead_a, serial_undead_a
D:7:      layout_basic, mainiacjoe_overflow_tiny_flanked
D:8:      nzn_winding_woodlands_large [nzn_winding_woodlands_5x5_perimeter,
          nzn_winding_woodlands_5x15_pockets, nzn_winding_woodlands_5x5_cross,
          nzn_winding_woodlands_center_garden,
          nzn_winding_woodlands_15x15_killbox,
          nzn_winding_woodlands_center_diamonds,
          nzn_winding_woodlands_5x5_default,
          nzn_winding_woodlands_5x15_split_checker,
          nzn_winding_woodlands_5x5_three], layout_loops_ring

Skill      XL: |  1  2  3  4  5  6  7  8  9 |
---------------+----------------------------+-----
Axes           | 4 5 7 9 10 12 13 | 13.7
Fighting       | 4 5 6 8 |  8.0
Armour         | 4 5 7 |  7.1
Throwing       | 1 |  1.0
Dodging        | 3 |  3.2

Action                   |  1- 3 |  4- 6 |  7- 9 || total
-------------------------+-------+-------+-------++-------
Melee: Hand axe          |    63 |    73 |    43 ||   179
       Headbutt          |    13 |    14 |    35 ||    62
       Punch             |       |     1 |     3 ||     4
       War axe           |       |       |   141 ||   141
Throw: Boomerang         |       |    16 |    57 ||    73
Invok: Berserk           |       |     1 |     8 ||     9
  Use: Scroll            |     6 |     2 |    10 ||    18
       Potion            |     4 |       |       ||     4
Armor: Scale mail        |    19 |     5 |       ||    24
       Chain mail        |       |    19 |    14 ||    33
       Plate armour      |       |       |    74 ||    74
Dodge: Dodged            |    28 |    21 |    69 ||   118

Table legend:
 A = Non-vault XP
 B = Vault XP
 C = Vault XP percentage of total XP
 D = Non-vault monster count
 E = Vault monster count
 F = Vault count percentage of total count
                 A         B        C        D         E       F
            +---------+---------+-------+---------+---------+-------
      Total |    3672 |    1479 |  28.7 |     120 |      17 |  12.4
            +---------+---------+-------+---------+---------+-------
        D:1 |      20 |       0 |   0.0 |      11 |       0 |   0.0
        D:2 |      58 |       0 |   0.0 |      17 |       0 |   0.0
        D:3 |     210 |       0 |   0.0 |      19 |       0 |   0.0
        D:4 |     455 |       0 |   0.0 |      21 |       0 |   0.0
        D:5 |     496 |       0 |   0.0 |      15 |       0 |   0.0
        D:6 |     793 |     546 |  40.8 |       8 |       8 |  50.0
        D:7 |    1458 |       0 |   0.0 |      21 |       0 |   0.0
        D:8 |     182 |     933 |  83.7 |       8 |       9 |  52.9
            +---------+---------+-------+---------+---------+-------
